[Event "Titled Tuesday Blitz August 1 Late 2023"]
[White "Mortazavi, Ali"]
[Black "Carlsen, Magnus"]
[WhiteFideId "401323"]
[BlackFideId "1503014"]
[WhiteElo "2496"]
[BlackElo "3255"]
[Result "0-1"]
[Round "1"]
[TimeControl "180+1"]
[Date "2023.08.01"]
[WhiteClock "0:00:00"]
[BlackClock "0:01:25"]
[Board "1"]

1. Nf3 d6 2. e4 Nf6 3. d3 c5 4. g3 Nc6 5. Bg2 g6 6. O-O Bg7 7. c3 O-O 8. h3 Rb8 9. a4 a6 10. Re1 b5 11. axb5 axb5 12. d4 Nd7 13. Bf4 b4 14. Qd2 cxd4 15. cxd4 e5 16. Bg5 Qb6 17. d5 Nd4 18. Nxd4 exd4 19. Bh6 Ba6 20. Bxg7 Kxg7 21. Qg5 h6 22. Qh4 Rbc8 23. Nd2 Rc2 24. Nb3 d3 25. g4 Rxb2 26. Na5 d2 27. Red1 Be2 28. Nc6 Bxd1 29. Rxd1 Ne5 30. g5 hxg5 31. Qxg5 Nxc6 32. dxc6 Qxc6 33. e5 Qc2 34. Qf6+ Kh7 35. Bf3 Rb1 36. Qh4+ Kg8 37. Qg4 dxe5 38. Kh2 Rxd1 39. Bxd1 Qc5 40. Kg2 Qd4 41. Qg3 Qe4+ 42. Bf3 Qf4 0-1


[Site "https://www.chess.com"]

[Event "Titled Tuesday Blitz August 1 Late 2023"]
[White "Firouzja, Alireza"]
[Black "Michalczak, Thomas"]
[WhiteFideId "12573981"]
[BlackFideId "4622634"]
[WhiteElo "3082"]
[BlackElo "2493"]
[Result "1-0"]
[Round "1"]
[TimeControl "180+1"]
[Date "2023.08.01"]
[WhiteClock "0:01:58"]
[BlackClock "0:01:32"]
[Board "2"]

1. d4 Nf6 2. c4 e6 3. Nf3 d5 4. Nc3 Nbd7 5. Bf4 dxc4 6. e3 Bb4 7. Bxc4 Nd5 8. O-O Nxc3 9. bxc3 Bxc3 10. Rc1 Ba5 11. d5 Nf6 12. Qa4+ c6 13. dxc6 O-O 14. Rfd1 Qb6 15. Rb1 1-0


[Site "https://www.chess.com"]

[Event "Titled Tuesday Blitz August 1 Late 2023"]
[White "Haszon, David"]
[Black "Bortnyk, Olexandr"]
[WhiteFideId "733610"]
[BlackFideId "14120828"]
[WhiteElo "2492"]
[BlackElo "3071"]
[Result "1/2-1/2"]
[Round "1"]
[TimeControl "180+1"]
[Date "2023.08.01"]
[WhiteClock "0:00:17"]
[BlackClock "0:00:03"]
[Board "3"]

1. d4 Nf6 2. Bf4 b6 3. e3 Bb7 4. Nf3 g6 5. c4 Bg7 6. Nc3 O-O 7. h4 h5 8. Bd3 d6 9. Qc2 Nbd7 10. O-O-O Qe8 11. Ng5 e5 12. Bg3 Bxg2 13. Rhg1 Bb7 14. f4 Ng4 15. Rde1 f5 16. e4 exd4 17. Nb5 Ne3 18. Rxe3 dxe3 19. Nxc7 Qe7 20. Nxa8 fxe4 21. Bxe4 Bxe4 22. Qxe4 Qxe4 23. Nxe4 Rxa8 24. Nxd6 Nc5 25. f5 Rd8 26. Kc2 Bf8 27. b4 Na6 28. Bf4 Nxb4+ 29. Kb3 Nd3 30. Rxg6+ Kh7 31. Nf7 Nxf4 32. Ng5+ Kh8 33. Nf7+ Kh7 34. Ng5+ Kh8 35. Nf7+ Kh7 1/2-1/2


[Site "https://www.chess.com"]

[Event "Titled Tuesday Blitz August 1 Late 2023"]
[White "Aronian, Levon"]
[Black "Novik, Maxim"]
[WhiteFideId "13300474"]
[BlackFideId "4102924"]
[WhiteElo "3059"]
[BlackElo "2492"]
[Result "1-0"]
[Round "1"]
[TimeControl "180+1"]
[Date "2023.08.01"]
[WhiteClock "0:00:59"]
[BlackClock "0:00:11"]
[Board "4"]

1. e4 c6 2. Nf3 d5 3. d3 Nd7 4. Qe2 e5 5. exd5 Bd6 6. dxc6 bxc6 7. g3 Ngf6 8. Nc3 O-O 9. Bg2 Re8 10. Nd2 Nc5 11. O-O Ne6 12. Nce4 Nd4 13. Qd1 Bc7 14. Nxf6+ Qxf6 15. c3 Nf5 16. Nc4 Ba6 17. b3 Rad8 18. Qc2 h5 19. Ba3 h4 20. Bc5 hxg3 21. hxg3 Nh6 22. Rae1 Bc8 23. d4 Ng4 24. f3 exd4 25. Rxe8+ Rxe8 26. fxg4 Qg5 27. Qf2 Be6 28. cxd4 Qxg4 29. Ne5 Qh5 30. Bxc6 Rb8 31. d5 Qxe5 32. dxe6 Qxe6 33. Bg2 Qg6 34. Qf5 Bb6 35. b4 Bxc5+ 36. bxc5 Qxf5 37. Rxf5 Rb1+ 38. Rf1 Rb2 39. Rc1 1-0


[Site "https://www.chess.com"]

[Event "Titled Tuesday Blitz August 1 Late 2023"]
[White "MFatigue"]
[Black "Andreikin, Dmitry"]
[BlackFideId "4158814"]
[WhiteElo "2491"]
[BlackElo "3050"]
[Result "0-1"]
[Round "1"]
[TimeControl "180+1"]
[Date "2023.08.01"]
[WhiteClock "0:00:13"]
[BlackClock "0:01:17"]
[Board "5"]

1. e4 c5 2. a3 g6 3. h4 Nf6 4. Nc3 Nc6 5. Bc4 d6 6. d3 Bg7 7. Nge2 Bd7 8. Bf4 Nh5 9. Be3 Ne5 10. Bd5 e6 11. Ba2 Bc6 12. Qd2 Ng4 13. Bg5 Qb6 14. f3 Ne5 15. O-O-O Rc8 16. Rdf1 Qa6 17. g4 Nf6 18. Bh6 Bxh6 19. Qxh6 b5 20. h5 b4 21. Nb1 c4 22. d4 b3 23. Bxb3 cxb3 24. dxe5 Qxe2 25. Qd2 Qxd2+ 26. Nxd2 dxe5 27. hxg6 fxg6 28. Nxb3 Ba4 29. Na1 Ke7 30. b3 Bb5 31. Rf2 h5 32. gxh5 gxh5 33. Kb2 Rcf8 34. c4 Bc6 35. Rfh2 Nd7 36. Rxh5 Rxh5 37. Rxh5 Rxf3 38. b4 Nb6 39. Rh7+ Kf6 40. Rxa7 Nxc4+ 41. Ka2 Bxe4 42. b5 Bd5 43. a4 e4 44. Nc2 Ne3+ 45. Kb1 Rf1+ 46. Kb2 Rf2 47. Rc7 Ke5 48. b6 Kd6 49. a5 Rxc2+ 50. Rxc2 Nxc2 51. Kxc2 Kc5 0-1


[Site "https://www.chess.com"]

[Event "Titled Tuesday Blitz August 1 Late 2023"]
[White "Pranav, V"]
[Black "Droin, Augustin"]
[WhiteFideId "25060783"]
[BlackFideId "45105987"]
[WhiteElo "3025"]
[BlackElo "2491"]
[Result "0-1"]
[Round "1"]
[TimeControl "180+1"]
[Date "2023.08.01"]
[WhiteClock "0:00:07"]
[BlackClock "0:00:07"]
[Board "6"]

1. e4 c5 2. Nf3 d6 3. Bb5+ Nd7 4. d4 Nf6 5. Nc3 cxd4 6. Qxd4 e5 7. Qd3 h6 8. O-O a6 9. Bxd7+ Bxd7 10. Rd1 Be7 11. Nd2 b5 12. a3 O-O 13. Nf1 Rc8 14. Ne3 Be6 15. Bd2 Qc7 16. Rac1 Rfd8 17. Ncd5 Bxd5 18. exd5 e4 19. Qe2 Qd7 20. Bc3 Re8 21. Bd4 Bd8 22. h3 Nh7 23. c4 f5 24. cxb5 Rxc1 25. Rxc1 axb5 26. Rc6 f4 27. Ng4 f3 28. Qxb5 fxg2 29. Rb6 Qf7 30. Rb7 Be7 31. Rb8 Rxb8 32. Qxb8+ Bf8 33. Qb3 Ng5 34. Qg3 Nf3+ 35. Kxg2 Kh7 36. Be3 h5 37. Nh2 Ne1+ 38. Kh1 Qxd5 39. a4 Nd3 40. b3 Qxb3 41. Qg5 Qf7 42. a5 Be7 43. Qg2 Qc4 44. Nf1 Qa6 45. Qxe4+ Kh8 46. Qxe7 Qa8+ 47. Kh2 Ne1 48. Kg3 Qg2+ 49. Kh4 Nf3+ 50. Kxh5 Qxh3+ 51. Kg6 Ne5+ 52. Kg5 Qg4# 0-1


[Site "https://www.chess.com"]

[Event "Titled Tuesday Blitz August 1 Late 2023"]
[White "Besedes, Danilo"]
[Black "Makarian, Rudik"]
[WhiteFideId "946796"]
[BlackFideId "44105681"]
[WhiteElo "2490"]
[BlackElo "3017"]
[Result "0-1"]
[Round "1"]
[TimeControl "180+1"]
[Date "2023.08.01"]
[WhiteClock "0:00:23"]
[BlackClock "0:01:30"]
[Board "7"]

1. e4 c5 2. Nf3 e6 3. Nc3 Nc6 4. g3 Nf6 5. Bg2 d6 6. O-O Bd7 7. Re1 Be7 8. b3 O-O 9. Bb2 e5 10. d3 Nd4 11. Nd2 b5 12. a4 b4 13. Nd5 Nxd5 14. exd5 Re8 15. Nc4 Qc7 16. Bc1 Bf6 17. Be3 g6 18. Bxd4 cxd4 19. h4 h5 20. Qd2 a5 21. f4 Qc5 22. Qf2 Kg7 23. Rf1 Bf5 24. fxe5 Bxe5 25. Be4 Bxe4 26. Qxf7+ Kh6 27. dxe4 d3+ 28. Kh1 Bxa1 29. Qf4+ Kh7 30. Rxa1 Rf8 31. Qxd6 Qxd6 32. Nxd6 dxc2 33. e5 Rf2 34. Nc4 Raf8 35. Kg1 Rf1+ 0-1


[Site "https://www.chess.com"]

[Event "Titled Tuesday Blitz August 1 Late 2023"]
[White "Grischuk, Alexander"]
[Black "Sivakumar, Shaaketh"]
[WhiteFideId "4126025"]
[BlackFideId "30940176"]
[WhiteElo "3009"]
[BlackElo "2486"]
[Result "1-0"]
[Round "1"]
[TimeControl "180+1"]
[Date "2023.08.01"]
[WhiteClock "0:00:31"]
[BlackClock "0:00:14"]
[Board "8"]

1. e4 e6 2. d4 d5 3. e5 c5 4. c3 Nc6 5. Nf3 Qb6 6. Be2 Bd7 7. O-O cxd4 8. cxd4 Nge7 9. Na3 Nf5 10. Nc2 Be7 11. Bd3 Nh4 12. Nxh4 Bxh4 13. Qg4 Be7 14. Qxg7 O-O-O 15. Qxf7 Rdf8 16. Qh5 Be8 17. Qh6 Bf7 18. Rb1 Rhg8 19. Be3 Bg6 20. Bxg6 Rxg6 21. Qxh7 Rfg8 22. g3 Qd8 23. Ne1 Qe8 24. Qh3 Bg5 25. Nf3 Bxe3 26. fxe3 Qe7 27. Rf2 Kb8 28. Rbf1 Nb4 29. a3 Nc6 30. Ne1 Nd8 31. Rf6 R6g7 32. Nd3 Rh7 33. Qg2 a6 34. Nc5 Rgh8 35. R1f2 Qc7 36. Rf8 Rxf8 37. Rxf8 Ka7 38. Qf2 Qe7 39. Qf6 1-0


[Site "https://www.chess.com"]

[Event "Titled Tuesday Blitz August 1 Late 2023"]
[White "Xiong, Jeffery"]
[Black "Molenda, Marcin"]
[WhiteFideId "2047640"]
[BlackFideId "1173065"]
[WhiteElo "2991"]
[BlackElo "2485"]
[Result "1-0"]
[Round "1"]
[TimeControl "180+1"]
[Date "2023.08.01"]
[WhiteClock "0:01:32"]
[BlackClock "0:00:00"]
[Board "10"]

1. e4 e5 2. Nf3 Nc6 3. Bc4 Bc5 4. c3 Nf6 5. d4 exd4 6. e5 d5 7. Be2 Ne4 8. cxd4 Bb6 9. O-O O-O 10. Nc3 Bg4 11. Be3 f5 12. Na4 f4 13. Nxb6 fxe3 14. Nxa8 exf2+ 15. Kh1 Rf4 16. Nxc7 Bxf3 17. gxf3 Rh4 18. fxe4 1-0


[Site "https://www.chess.com"]

[Event "Titled Tuesday Blitz August 1 Late 2023"]
[White "Liu, Casper"]
[Black "Martinez Alcantara, Jose Eduardo"]
[WhiteFideId "1454153"]
[BlackFideId "3805662"]
[WhiteElo "2482"]
[BlackElo "2985"]
[Result "0-1"]
[Round "1"]
[TimeControl "180+1"]
[Date "2023.08.01"]
[WhiteClock "0:01:10"]
[BlackClock "0:01:28"]
[Board "11"]

1. e4 c5 2. d4 cxd4 3. Qxd4 Nc6 4. Qe3 Nf6 5. Nc3 d6 6. Bd2 e6 7. O-O-O Qc7 8. h4 a6 9. h5 h6 10. f3 b5 11. Kb1 Bb7 12. Nge2 Be7 13. Nf4 Ne5 14. Qd4 O-O 15. g4 Nxf3 16. Qe3 Nxd2+ 17. Rxd2 b4 18. g5 hxg5 19. h6 g6 20. Nxe6 fxe6 21. Qxg5 Kh7 22. Rg2 Rg8 23. e5 Ne4 24. Qg4 Nxc3+ 25. bxc3 bxc3 26. Bd3 Qb6+ 27. Kc1 Qe3+ 28. Kb1 Bxg2 29. Qxg2 Rab8+ 30. Ka1 Qb6 0-1


[Site "https://www.chess.com"]

[Event "Titled Tuesday Blitz August 1 Late 2023"]
[White "Sargsyan, Shant"]
[Black "Nanu, Costica-Ciprian"]
[WhiteFideId "13306766"]
[BlackFideId "1204580"]
[WhiteElo "2976"]
[BlackElo "2482"]
[Result "1-0"]
[Round "1"]
[TimeControl "180+1"]
[Date "2023.08.01"]
[WhiteClock "0:01:48"]
[BlackClock "0:00:06"]
[Board "12"]

1. c4 Nf6 2. g3 e6 3. Bg2 d5 4. Nf3 dxc4 5. Qa4+ Nbd7 6. Qxc4 c5 7. O-O Be7 8. Nc3 O-O 9. Rd1 a6 10. Qb3 Rb8 11. d4 cxd4 12. Nxd4 Qb6 13. Qxb6 Nxb6 14. Bf4 Ra8 15. Rac1 Nbd5 16. Bg5 Nxc3 17. Rxc3 h6 18. Bf4 Nd5 19. Bxd5 exd5 20. Rc7 Bf6 21. b3 Bd8 22. Rc5 Be6 23. Be5 Bb6 24. Rc2 Rac8 25. Rcd2 Bxd4 26. Bxd4 Rc6 27. f3 Rfc8 28. Kf2 Rc2 29. g4 f6 30. h4 Kf7 31. Ke3 R2c6 32. h5 Bd7 33. Kf4 Rc2 34. Be3 Rxd2 35. Rxd2 Be6 36. Bd4 Rc6 37. Ke3 Bd7 38. Kf2 Be6 39. Kg3 Rc1 40. Bb2 Rg1+ 41. Kf2 Rb1 42. Rc2 Ke7 43. Bd4 Kd6 44. Bc5+ 1-0


[Site "https://www.chess.com"]

[Event "Titled Tuesday Blitz August 1 Late 2023"]
[White "Willy, Stephen"]
[Black "Kramnik, Vladimir"]
[WhiteFideId "30981468"]
[BlackFideId "4101588"]
[WhiteElo "2482"]
[BlackElo "2973"]
[Result "0-1"]
[Round "1"]
[TimeControl "180+1"]
[Date "2023.08.01"]
[WhiteClock "0:00:03"]
[BlackClock "0:00:08"]
[Board "13"]

1. e4 c5 2. c3 Nf6 3. e5 Nd5 4. Nf3 e6 5. Bc4 d6 6. d4 cxd4 7. cxd4 Be7 8. Qe2 O-O 9. O-O b6 10. Nc3 Nxc3 11. bxc3 Nd7 12. Bd3 Bb7 13. Bd2 dxe5 14. Nxe5 Nxe5 15. Qxe5 Bf6 16. Qg3 Rc8 17. Rfe1 Re8 18. Re2 Bd5 19. a4 g6 20. Qe3 e5 21. Rae1 e4 22. Qg3 Bh4 23. Qf4 f5 24. Bb5 Rf8 25. g3 Bf6 26. h4 Qc7 27. Qe3 Qf7 28. Qf4 Bg7 29. h5 gxh5 30. Qh4 Qg6 31. Rc1 Qg4 32. Qe7 f4 33. Qd7 Be6 34. Qb7 fxg3 35. fxg3 Rf3 36. Be1 Rcf8 37. Rxe4 Qh3 38. Qa6 Bd5 39. Bc4 Rxg3+ 40. Bxg3 Qxg3+ 41. Kh1 Qf3+ 42. Kh2 Qxe4 43. Rg1 Rf2+ 44. Kh3 Qf3+ 45. Kh4 Rh2+ 46. Kg5 Qf6# 0-1


[Site "https://www.chess.com"]

[Event "Titled Tuesday Blitz August 1 Late 2023"]
[White "Matlakov, Maxim"]
[Black "Castro Silva, Moises Antonio"]
[WhiteFideId "4168003"]
[BlackFideId "3909794"]
[WhiteElo "2964"]
[BlackElo "2480"]
[Result "1-0"]
[Round "1"]
[TimeControl "180+1"]
[Date "2023.08.01"]
[WhiteClock "0:01:43"]
[BlackClock "0:00:00"]
[Board "14"]

1. d4 Nf6 2. Nf3 e6 3. Bg5 c5 4. e3 Nc6 5. Nbd2 Be7 6. Bd3 O-O 7. c3 d5 8. O-O b6 9. Ne5 Bb7 10. f4 h6 11. Bh4 Nxe5 12. fxe5 Nd7 13. Bg3 f5 14. exf6 Nxf6 15. Qe2 Bd6 16. Bf4 Qe7 17. Nf3 Nd7 18. Bxd6 Qxd6 19. Nh4 Rxf1+ 20. Rxf1 Rf8 21. Re1 e5 22. Bf5 Bc8 23. Rf1 e4 24. Qg4 Rf6 25. h3 c4 26. Ng6 b5 27. a3 a5 28. h4 a4 29. h5 Kf7 30. Ne5+ Nxe5 31. dxe5 Qxe5 32. Bxc8 Rxf1+ 33. Kxf1 Qh2 34. Qh3 Qxh3 35. gxh3 Ke7 36. Kg2 Kd6 37. Kg3 Ke7 38. Kf4 1-0


[Site "https://www.chess.com"]

[Event "Titled Tuesday Blitz August 1 Late 2023"]
[White "Delorme, Axel"]
[Black "Shimanov, Aleksandr"]
[WhiteFideId "632023"]
[BlackFideId "4198603"]
[WhiteElo "2479"]
[BlackElo "2957"]
[Result "0-1"]
[Round "1"]
[TimeControl "180+1"]
[Date "2023.08.01"]
[WhiteClock "0:00:06"]
[BlackClock "0:00:03"]
[Board "15"]

1. e4 c5 2. Nf3 e6 3. b3 b6 4. d4 cxd4 5. Nxd4 Bb7 6. Bd3 Qf6 7. c3 Bc5 8. Be3 Nc6 9. Bc2 Nge7 10. O-O O-O 11. Nxc6 Bxc6 12. Bxc5 bxc5 13. Nd2 Qxc3 14. Rc1 Ng6 15. Nc4 Rad8 16. Nd6 Qe5 17. Bb1 Rb8 18. g3 Rb4 19. Nc4 Qb8 20. h4 Ne5 21. Na5 Bxe4 22. Bxe4 Rxe4 23. Rxc5 d5 24. Nc6 Qd6 25. Nxe5 Qxe5 26. Qc1 Re2 27. Rc8 g6 28. Rxf8+ Kxf8 29. Qh6+ Kg8 30. Rc1 Re1+ 31. Rxe1 Qxe1+ 32. Kg2 Qe4+ 33. Kg1 d4 34. h5 d3 35. Qg5 Qd4 36. Qd2 gxh5 37. Kf1 Qa1+ 38. Kg2 Qd4 39. Kf1 Kf8 40. Ke1 Qe4+ 41. Qe3 Qd5 42. Kd2 Qa5+ 43. Kxd3 Qxa2 44. Qc5+ Ke8 45. Qc8+ Ke7 46. Qc7+ Kf6 47. Qf4+ Kg6 48. Qe4+ Kh6 49. Qf4+ Kg6 50. Qe4+ Kg7 51. Qd4+ f6 52. Qd7+ Kg6 53. Qxe6 Qb1+ 54. Kc3 Qc1+ 55. Kb4 Qd2+ 56. Kb5 Qxf2 57. Ka6 Kg5 58. b4 f5 59. b5 Kg4 60. Qg8+ Kh3 61. Qg5 Qb6# 0-1


[Site "https://www.chess.com"]

[Event "Titled Tuesday Blitz August 1 Late 2023"]
[White "Sjugirov, Sanan"]
[Black "Peycheva, Gergana"]
[WhiteFideId "4189302"]
[BlackFideId "2916711"]
[WhiteElo "2950"]
[BlackElo "2479"]
[Result "1-0"]
[Round "1"]
[TimeControl "180+1"]
[Date "2023.08.01"]
[WhiteClock "0:01:53"]
[BlackClock "0:00:02"]
[Board "16"]

1. d4 d5 2. c4 dxc4 3. Nf3 Nf6 4. e3 b5 5. a4 b4 6. Bxc4 e6 7. O-O Bb7 8. b3 Be7 9. Bb2 O-O 10. Nbd2 Nbd7 11. Rc1 c5 12. Qe2 Qc7 13. e4 Qf4 14. Rfe1 cxd4 15. Bxd4 Nb6 16. Be5 Qg4 17. h3 Qh5 18. Bd3 Rac8 19. a5 Nbd7 20. Bd4 Nc5 21. Bb1 Ba6 22. Qe3 Nfd7 23. e5 Bb7 24. Ne4 Nxe4 25. Bxe4 Bxe4 26. Qxe4 Nc5 27. Qe3 Nb7 28. a6 Na5 29. Bxa7 Rfd8 30. Bb6 Nc6 31. Bxd8 Bxd8 32. Red1 1-0


[Site "https://www.chess.com"]

[Event "Titled Tuesday Blitz August 1 Late 2023"]
[White "Sanhueza, Cristian"]
[Black "He, Anthony"]
[WhiteFideId "116815"]
[BlackFideId "2088215"]
[WhiteElo "2476"]
[BlackElo "2942"]
[Result "0-1"]
[Round "1"]
[TimeControl "180+1"]
[Date "2023.08.01"]
[WhiteClock "0:00:01"]
[BlackClock "0:00:16"]
[Board "17"]

1. d4 Nf6 2. Bf4 c5 3. e3 Qb6 4. Na3 d6 5. Nc4 Qc7 6. a4 b6 7. Nf3 Bb7 8. c3 Nbd7 9. Bd3 g6 10. O-O Bg7 11. Rc1 O-O 12. Re1 a6 13. e4 b5 14. axb5 axb5 15. Na3 c4 16. Bb1 Qb6 17. e5 Nd5 18. Bg3 dxe5 19. Nxe5 N7f6 20. Nc2 e6 21. Ne3 Nxe3 22. Rxe3 Rfd8 23. f4 Nd5 24. Re1 Ne7 25. Bh4 Qc7 26. Qg4 Rd6 27. Qh3 Nf5 28. Bf2 h5 29. g4 hxg4 30. Qxg4 Ra1 31. h4 Nh6 32. Qh3 Ra8 33. h5 gxh5 34. Qxh5 f6 35. Ng6 Qf7 36. Qh3 f5 37. Nh4 Kh7 38. Kh2 Ng4+ 39. Kg3 Kg8 40. Nf3 Bxf3 41. Kxf3 Qb7+ 42. Ke2 b4 43. Rg1 bxc3 44. bxc3 Kf8 45. Rxg4 fxg4 46. Qxg4 Ra1 47. Qg6 Qb2+ 48. Kd1 Qxf2 49. Qe4 Qf1+ 50. Kc2 Qd3+ 51. Qxd3 cxd3+ 52. Kxd3 Rb6 53. Kc2 Bh6 54. Rf1 Ke7 55. c4 Rb4 56. c5 Rxd4 57. Kc3 Bg7 0-1


[Site "https://www.chess.com"]

[Event "Titled Tuesday Blitz August 1 Late 2023"]
[White "Demidov, Mikhail"]
[Black "Toncheva, Nadya"]
[WhiteFideId "4197143"]
[BlackFideId "2924056"]
[WhiteElo "2937"]
[BlackElo "2476"]
[Result "1-0"]
[Round "1"]
[TimeControl "180+1"]
[Date "2023.08.01"]
[WhiteClock "0:00:02"]
[BlackClock "0:00:01"]
[Board "18"]

1. Nf3 c5 2. e3 Nc6 3. d4 cxd4 4. exd4 d5 5. c3 Nf6 6. Bd3 Bg4 7. Bf4 e6 8. Nbd2 Nh5 9. Be3 Bd6 10. h3 Bf5 11. Bf1 Nf6 12. Be2 O-O 13. O-O h6 14. Re1 Rb8 15. a4 Bh7 16. Nb3 Ne4 17. Qc1 Qc7 18. c4 dxc4 19. Qxc4 Rbc8 20. Rec1 Qe7 21. Nc5 Bb8 22. Bd3 Nd6 23. Bxh7+ Kxh7 24. Qb3 Rfd8 25. Rc2 Na5 26. Qd3+ Kg8 27. b4 b6 28. Na6 Rxc2 29. Qxc2 Rc8 30. Qd3 Nac4 31. Bf4 Qb7 32. b5 Rd8 33. Rc1 Na5 34. Bh2 g6 35. Bf4 Kg7 36. Rc2 Rc8 37. Be5+ Kh7 38. Nh2 Kg8 39. Ng4 h5 40. Nf6+ Kf8 41. Qd2 Rxc2 42. Qxc2 Ne8 43. Nxb8 Nxf6 44. Bxf6 Qxb8 45. Qc1 Ke8 46. Be5 Qb7 47. Qh6 Qe4 48. f3 Qe1+ 49. Kh2 Nc4 50. Bg3 Qd2 51. Qh8+ Ke7 52. Bh4+ g5 53. Qh6 f6 54. Qg7+ Kd6 55. Bg3+ e5 56. Qxf6+ Kd5 57. Bxe5 Ne3 58. Qf7# 1-0


[Site "https://www.chess.com"]

[Event "Titled Tuesday Blitz August 1 Late 2023"]
[White "Salazar Farias, Luis German"]
[Black "Hakobyan, Aram"]
[WhiteFideId "3902170"]
[BlackFideId "13306677"]
[WhiteElo "2475"]
[BlackElo "2932"]
[Result "0-1"]
[Round "1"]
[TimeControl "180+1"]
[Date "2023.08.01"]
[WhiteClock "0:00:00"]
[BlackClock "0:01:42"]
[Board "19"]

1. d4 g6 2. g3 Bg7 3. Bg2 d6 4. Nf3 Nc6 5. c4 Nf6 6. Nc3 O-O 7. d5 Na5 8. b3 Nxd5 9. Nxd5 Bxa1 10. Bd2 Nxb3 11. axb3 Bg7 12. O-O c6 13. Nc3 a5 14. Qc2 Bf5 15. e4 Bd7 16. Be3 b5 17. cxb5 cxb5 18. Nd5 Ra6 19. Bg5 Re8 20. Qd2 a4 21. bxa4 bxa4 22. Rc1 Rc6 23. Rd1 a3 24. Nd4 Ra6 25. Qc2 a2 26. Nc7 a1=Q 27. Rxa1 Rxa1+ 28. Bf1 Bh3 29. Bc1 Bxf1 30. Nxe8 Qxe8 31. Nb3 Bh3 32. Nxa1 Bxa1 33. f3 Qb5 34. Qf2 Bd4 0-1


[Site "https://www.chess.com"]

[Event "Titled Tuesday Blitz August 1 Late 2023"]
[White "Terry, Renato"]
[Black "Ocido, Michael"]
[WhiteFideId "3803457"]
[BlackFideId "115201920"]
[WhiteElo "2926"]
[BlackElo "2474"]
[Result "1-0"]
[Round "1"]
[TimeControl "180+1"]
[Date "2023.08.01"]
[WhiteClock "0:01:07"]
[BlackClock "0:00:00"]
[Board "20"]

1. e4 e6 2. d4 d5 3. exd5 exd5 4. Nf3 Bd6 5. c4 c6 6. Nc3 Nf6 7. Bd3 O-O 8. O-O h6 9. Re1 Bg4 10. h3 Bh5 11. cxd5 cxd5 12. g4 Bg6 13. Bxg6 fxg6 14. Qb3 Nc6 15. Kg2 Kh8 16. Be3 Qd7 17. Nh4 Qf7 18. Qc2 Ne7 19. Nb5 Bb8 20. Bxh6 gxh6 21. Rxe7 1-0


[Site "https://www.chess.com"]

[Event "Titled Tuesday Blitz August 1 Late 2023"]
[White "Tifferet, Shaked"]
[Black "Zakhartsov, Vladimir"]
[WhiteFideId "2811529"]
[BlackFideId "4145097"]
[WhiteElo "2474"]
[BlackElo "2921"]
[Result "0-1"]
[Round "1"]
[TimeControl "180+1"]
[Date "2023.08.01"]
[WhiteClock "0:00:07"]
[BlackClock "0:00:05"]
[Board "21"]

1. d4 Nf6 2. Nc3 d5 3. Bf4 a6 4. e3 b5 5. Nf3 e6 6. Ne5 c5 7. dxc5 Bxc5 8. Bd3 Bb7 9. O-O Bd6 10. Re1 Qc7 11. Bxb5+ Kf8 12. Qd4 Nh5 13. Ba4 f6 14. Nd3 e5 15. Nxd5 Qa5 16. Nxe5 Nxf4 17. exf4 Qxd5 18. Qxd5 Bxd5 19. Ng6+ hxg6 20. Re8+ Kf7 21. Rxh8 Bxf4 22. Re1 f5 23. Ree8 Kf6 24. h4 Bf7 25. Rhf8 Ra7 26. Rxb8 Bxb8 27. Rxb8 Bxa2 28. b3 Ke5 29. g3 Rc7 30. Rd8 Rxc2 31. Re8+ Kd4 32. Re1 Kc3 33. Re3+ Kb4 34. Kg2 a5 35. Rf3 Rc3 36. Rxc3 Kxc3 37. Kf3 Bxb3 38. Be8 a4 39. Bxg6 a3 40. h5 a2 41. h6 gxh6 42. Bxf5 a1=Q 43. Be4 Qa5 44. g4 Kd4 45. Kg3 Kxe4 46. f3+ Ke3 47. f4 Qc7 48. Kg2 Qxf4 49. Kh3 Kf3 50. Kh4 Qxg4# 0-1


[Site "https://www.chess.com"]

[Event "Titled Tuesday Blitz August 1 Late 2023"]
[White "Ibarra Jerez, Jose Carlos"]
[Black "Bochnicka, Vladimir"]
[WhiteFideId "2226332"]
[BlackFideId "14943450"]
[WhiteElo "2901"]
[BlackElo "2473"]
[Result "0-1"]
[Round "1"]
[TimeControl "180+1"]
[Date "2023.08.01"]
[WhiteClock "0:01:22"]
[BlackClock "0:00:54"]
[Board "22"]

1. e4 e5 2. Nf3 Nc6 3. Bb5 a6 4. Bxc6 dxc6 5. O-O Bd6 6. d4 exd4 7. Qxd4 f6 8. Be3 Ne7 9. Nbd2 Be6 10. Qc3 Qd7 11. Rad1 O-O-O 12. a4 Qe8 13. b4 h5 14. Bc5 h4 15. h3 Qg6 16. Nd4 Be5 17. N2f3 Bxh3 18. Ne1 Bxg2 19. Bxe7 Bf3+ 0-1


[Site "https://www.chess.com"]

[Event "Titled Tuesday Blitz August 1 Late 2023"]
[White "Bazilius, Augustinas"]
[Black "Grigorjev, Iljya"]
[WhiteFideId "12832251"]
[BlackFideId "24159565"]
[WhiteElo "2472"]
[BlackElo "2900"]
[Result "0-1"]
[Round "1"]
[TimeControl "180+1"]
[Date "2023.08.01"]
[WhiteClock "0:00:00"]
[BlackClock "0:01:10"]
[Board "23"]

1. d4 Nf6 2. c4 g6 3. Nf3 Bg7 4. g3 O-O 5. Bg2 d5 6. O-O Nc6 7. cxd5 Nxd5 8. e3 Nb6 9. Nc3 Re8 10. d5 Na5 11. e4 c6 12. dxc6 Nxc6 13. Qe2 Bg4 14. Rd1 Nd4 15. Qd3 Rc8 16. Nd5 Bxf3 17. Bxf3 Nc4 18. Bg2 e6 19. Ne3 Ne5 20. Qf1 Qb6 21. f4 Nc2 22. fxe5 Nxa1 23. Qf2 Nc2 24. Rf1 Nxe3 25. Bxe3 Qc7 26. Bxa7 Bxe5 27. Bb6 Qe7 28. b4 h5 29. Bc5 Qc7 30. Bf3 Qd7 31. Be2 Red8 32. Bb5 Bd4 33. Bxd4 Qxd4 34. Kg2 Qxe4+ 0-1


[Site "https://www.chess.com"]

[Event "Titled Tuesday Blitz August 1 Late 2023"]
[White "Zhigalko, Sergei"]
[Black "Garcia de Dios, Jose Antonio"]
[WhiteFideId "13502956"]
[BlackFideId "5128919"]
[WhiteElo "2896"]
[BlackElo "2472"]
[Result "1-0"]
[Round "1"]
[TimeControl "180+1"]
[Date "2023.08.01"]
[WhiteClock "0:00:03"]
[BlackClock "0:00:06"]
[Board "24"]

1. e4 e6 2. d4 d5 3. e5 c5 4. c3 Nc6 5. Nf3 Qb6 6. Bd3 cxd4 7. O-O Bd7 8. Re1 Nge7 9. h4 h5 10. Nbd2 Nf5 11. c4 O-O-O 12. Bxf5 exf5 13. cxd5 Nb4 14. Nc4 Qc5 15. Bg5 Qxd5 16. Rc1 Nc6 17. Bxd8 Kxd8 18. Qd2 Be7 19. a3 f6 20. b4 Rg8 21. Nd6 Bxd6 22. exd6 a6 23. Rcd1 g5 24. hxg5 fxg5 25. Nxd4 Nxd4 26. Qxd4 Qxd4 27. Rxd4 g4 28. Re7 h4 29. Rh7 h3 30. gxh3 gxh3+ 31. Kh2 f4 32. Rxf4 Rg2+ 33. Kh1 Rg8 34. f3 Re8 35. Rff7 Bc6 36. Rxh3 Rg8 37. Rhh7 Kc8 38. Kh2 Rd8 39. Rc7+ Kb8 40. Rcg7 Re8 41. f4 Rd8 42. f5 a5 43. bxa5 Rxd6 44. a6 bxa6 45. Rh8+ 1-0


[Site "https://www.chess.com"]

[Event "Titled Tuesday Blitz August 1 Late 2023"]
[White "Gaal, Zsoka"]
[Black "Kazakouski, Valery"]
[WhiteFideId "777765"]
[BlackFideId "13507443"]
[WhiteElo "2469"]
[BlackElo "2887"]
[Result "0-1"]
[Round "1"]
[TimeControl "180+1"]
[Date "2023.08.01"]
[WhiteClock "0:00:00"]
[BlackClock "0:00:11"]
[Board "25"]

1. Nf3 d5 2. g3 Nd7 3. d4 Nb6 4. Nc3 Nf6 5. Bg2 Bf5 6. a4 a5 7. Nh4 Bg4 8. h3 Bc8 9. O-O c6 10. Bg5 h6 11. Bxf6 exf6 12. e4 dxe4 13. Nxe4 Be7 14. f4 f5 15. Nc5 Bxh4 16. gxh4 O-O 17. h5 Nc4 18. Qd3 Nd6 19. Rae1 b6 20. Bxc6 Ra7 21. Nb3 Qh4 22. Qf3 Ba6 23. Rf2 Rc7 24. d5 Ne4 25. Nd4 Nxf2 26. Qxf2 Qf6 27. Re5 Rd8 28. Nxf5 Kh7 29. Qg2 Bc8 30. Qe4 g6 31. hxg6+ fxg6 32. Ne7 Bxh3 33. Kh2 Bc8 34. Nxg6 Kg7 35. f5 Rf7 36. Qg4 Bxf5 37. Qg3 Qxg6 38. Qxg6+ Bxg6 39. Be8 Rf2+ 40. Kg3 Rxc2 41. Re7+ Kf8 42. Bxg6 Kxe7 0-1


[Site "https://www.chess.com"]